[Event "Romanian Superleague 2022"]
[Site "Oradea"]
[Date "2022.09.27"]
[Round "7.19"]
[White "Pranav Vijay"]
[Black "Dobre, Claudiu-Cristian"]
[Result "1-0"]
[ECO "C42"]
[WhiteElo "2265"]
[BlackElo "2268"]
[Annotator "TA"]
[PlyCount "51"]
[EventDate "2022.09.21"]
[EventType "team-tourn"]
[EventCountry "ROU"]
[SourceTitle "playchess.com"]
[Source "ChessBase"]
[SourceQuality "1"]
[TimeControl "40/5400+30:1800+30"]

1. e4 e5 2. Nf3 Nf6 3. Nxe5 d6 4. Nf3 Nxe4 5. Nc3 Nf6 6. d4 Be7 7. Bd3 O-O 8. Ne2 {[%emt 0:00:14] Recently 8.0-0 got a lot of attention. C42: Petroff Defence: 3 Nxe5 and unusual White 3rd moves.} c5 {[%emt 0:00:12] [#]} 9. d5 $146 ({Predecessor:} 9. O-O Nc6 10. d5 Nb4 11. c4 b5 12. cxb5 Nxd3 13. Qxd3 a6 14. Nc3 axb5 15. Nxb5 Ba6 {0-1 (66) Rublevsky,S (2692)-Zvjaginsev,V (2672) Sochi 2016}) 9... Nxd5 10. Bxh7+ $1 {[%emt 0:00:24] The position is equal.} Kxh7 11. Qxd5 Qd7 (11... Nc6 $11) 12. Bg5 $14 {[%emt 0:05:39] [#] And now Qe4+ would win. White is much more active.} f6 13. Bf4 Qe6 14. Qh5+ Kg8 15. Nh4 $1 Nc6 16. Ng6 Rd8 {[%emt 0:01:21] [#]} ({Black should try} 16... Re8 $14) 17. O-O-O $1 $16 ({But not} 17. Be3 Qf5 18. Qxf5 Bxf5 19. Nxe7+ Nxe7 $15) 17... Ne5 $2 {[%emt 0:19:25][%mdl 8192] A mistake that costs the game.} (17... b6 $16 {is a better chance.}) 18. Bxe5 $18 fxe5 19. f4 (19. g4 $142) 19... Bf6 20. fxe5 {[%emt 0:03:36] aiming for Rhf1.} dxe5 $2 (20... Qf5 21. Qxf5 Bxf5) 21. Rxd8+ {[%emt 0:01:44] White is clearly winning.} Bxd8 22. Rf1 Bf6 23. Nc3 Qa6 24. Qh8+ Kf7 25. Nxe5+ $1 {[%emt 0:00:12] Pair of Knights!} Ke7 26. Re1 {[%emt 0:00:09] Weighted Error Value: White=0.40/Black=0.60} 1-0

[Event "Romanian Superleague 2022"]
[Site "Oradea"]
[Date "2022.09.27"]
[Round "7.20"]
[White "Padurariu, Mihai-Edward"]
[Black "Grigore, George-Gabriel"]
[Result "1/2-1/2"]
[ECO "A48"]
[WhiteElo "2263"]
[BlackElo "2455"]
[Annotator "TA"]
[PlyCount "42"]
[EventDate "2022.09.21"]
[EventType "team-tourn"]
[EventCountry "ROU"]
[SourceTitle "playchess.com"]
[Source "ChessBase"]
[SourceQuality "1"]
[TimeControl "40/5400+30:1800+30"]

1. d4 Nf6 2. Nf3 g6 3. Nbd2 c5 4. dxc5 Qa5 5. a3 Qxc5 6. b4 Qc7 7. Bb2 Bg7 8. e3 d6 9. Be2 b6 10. c4 O-O 11. O-O Bb7 12. Qb3 {[%emt 0:00:29] The position is equal.} Nbd7 {[%emt 0:00:21] A48: 1 d4 Nf6 2 Nf3 g6: Torre, London and Colle Systems.} 13. Rfc1 Rac8 14. Bc3 Ne4 15. Bxg7 {[%emt 0:09:44] [#] An even fight not without its subleties.  Weighted Error Value: White=0.03 (flawless) /Black=0.05 (flawless)} {Predecessor:} Kxg7 $146 16. Qb2+ e5 17. Rd1 Rfd8 18. Nb3 Bc6 19. Rac1 Qb8 20. Ne1 Nef6 21. Nd3 Ba4 {0-1 (61) Barbot,P (2404)-Soysal,S (2114) Al Ain 2013} 1/2-1/2

[Event "Romanian Superleague 2022"]
[Site "Oradea"]
[Date "2022.09.27"]
[Round "7.21"]
[White "Vedmediuc, Serghei"]
[Black "Voiteanu, Gabriel"]
[Result "1-0"]
[ECO "C42"]
[WhiteElo "2430"]
[BlackElo "2154"]
[Annotator "TA"]
[PlyCount "57"]
[EventDate "2022.09.21"]
[EventType "team-tourn"]
[EventCountry "ROU"]
[SourceTitle "playchess.com"]
[Source "ChessBase"]
[SourceQuality "1"]
[TimeControl "40/5400+30:1800+30"]

1. e4 e5 2. Nf3 Nf6 3. Nxe5 d6 4. Nf3 Nxe4 5. Bd3 Nc5 6. Be2 {[%emt 0:00:54] C42: Petroff Defence: 3 Nxe5 and unusual White 3rd moves.} d5 7. d4 Ne4 8. O-O {[%emt 0:00:08] White is slightly better.} Be7 9. c4 dxc4 10. Bxc4 O-O 11. Nc3 Nd6 12. Bb3 {[%emt 0:03:48] White is more active.} Nc6 {[%emt 0:14:23][%cal Bb8c6,Bc6a5,Ba5c4,Bc4e5,Be5g6,Bg6h4][%mdl 32] [#]} 13. d5 $146 ({Predecessor:} 13. h3 Bf6 14. Bf4 Na5 15. Bc2 Nac4 16. Nd5 h6 17. b3 Nb6 18. Ne3 Be7 19. Re1 a5 20. Rc1 Re8 21. h4 f5 22. Bb1 Rf8 23. Ne5 Rf6 24. g4 {1-0 (24) Karpenko,A (2251)-Konev,V (2078) ICCF email 2012}) 13... Na5 14. Bc2 Bf6 15. Nd4 Nac4 16. b3 Ne5 (16... Bf5 $2 17. Nxf5 Nxf5 18. bxc4 $18 (18. Qh5 Bxc3 19. Rb1 g6 $17)) 17. Bf4 Ng6 18. Bg3 $40 {[%emt 0:00:03][%mdl 128] White mounts an attack.} Nh4 19. Ne4 Nxe4 20. Bxe4 Re8 (20... Bd7 $14) 21. Re1 g6 (21... Bd7 $14) 22. Rc1 $16 {[%emt 0:01:24] Threatens to win with Nb5.} Be5 $2 {[%emt 0:02:28] [#] Black cannot hold the game after this.} (22... Bf5 $16) 23. Nb5 $18 Bf5 24. Bxf5 (24. Nxc7 Bxc7 25. Bxc7 Qg5 $18) 24... Bxg3 25. Rxe8+ ({Stronger than} 25. fxg3 Rxe1+ 26. Qxe1 Nxf5 $11) (25. hxg3 Rxe1+ 26. Qxe1 Nxf5 $11) 25... Qxe8 26. hxg3 Qxb5 27. Bd3 ({Don't play} 27. gxh4 gxf5 28. Rxc7 Rd8 $18) 27... Qxd5 {[%emt 0:00:15][%csl Gh4][%cal Rd5g2] [#]} 28. gxh4 {[%emt 0:00:02] Hoping for Bc4.} Rd8 29. Be2 {[%emt 0:00:11] Weighted Error Value: White=0.07 (flawless) /Black=0.27 (precise)} ({Weaker is} 29. Rxc7 Qxd3 30. Qxd3 Rxd3 $16) 1-0

[Event "Romanian Superleague 2022"]
[Site "Oradea"]
[Date "2022.09.27"]
[Round "7.22"]
[White "Oprisor, Razvan-Gabriel"]
[Black "Manea, Alexandru"]
[Result "0-1"]
[ECO "B13"]
[WhiteElo "2175"]
[BlackElo "2326"]
[Annotator "TA"]
[PlyCount "67"]
[EventDate "2022.09.21"]
[EventType "team-tourn"]
[EventCountry "ROU"]
[SourceTitle "playchess.com"]
[Source "ChessBase"]
[SourceQuality "1"]
[TimeControl "40/5400+30:1800+30"]

1. e4 c6 2. d4 d5 3. exd5 cxd5 4. Bd3 Nc6 5. c3 Qc7 6. Ne2 Bg4 7. f3 Bd7 8. f4 {[%emt 0:01:24] [#] Prevents e5. B13: Caro-Kann: Exchange Variation and Panov-Botvinnik Attack.} f5 $146 ({Predecessor:} 8... Nf6 9. Nd2 g6 {½-½ (9) Avila Pavas,S (2373)-Cardoso Cardoso,J (2414) Santa Rosa 2021}) 9. O-O Nf6 10. Na3 {[%emt 0:06:47] The position is equal.} e6 11. Nc2 Be7 12. b3 Ne4 13. c4 O-O 14. Ne3 Bf6 15. Bb2 Qb6 $36 {[%emt 0:06:31][%cal Rc6d4][%mdl 2048] Black is more active.} 16. Bxe4 (16. Bb1 $11 {keeps the balance.}) 16... dxe4 $17 17. a3 ({White should play} 17. Nc2) 17... Rfd8 {[%emt 0:02:43] Black is more active.} 18. c5 Qb5 19. Nc4 Na5 ({Black should try} 19... b6 20. a4 Qa6) 20. Nxa5 (20. a4 $142 Qxb3 21. Qxb3 Nxb3 22. Ra3) 20... Qxa5 21. Qc2 (21. b4 $17 Qb5 22. Qd2) 21... Bb5 $19 22. Rfd1 Bd3 {[%emt 0:01:10] This bishop pair is nice.} 23. Qd2 Qb5 24. a4 Qxb3 25. Ra3 (25. Nc1 {is a better defense.} Qxb2 26. Qxb2 Bxd4+ 27. Qxd4 Rxd4 28. Kf2) 25... Qc4 26. Rxd3 exd3 (26... Qxd3 $2 {loses.} 27. Qxd3 exd3 28. Rxd3 $19) 27. Qxd3 Qxa4 28. Ra1 Qc6 {[%emt 0:00:18] Black is clearly winning.} 29. Qe3 b6 {[%emt 0:06:04] Strongly threatening ...bxc5.} 30. cxb6 axb6 {[%emt 0:00:34] Threatens to win with ...Rxa1+.} 31. Rc1 Qd5 32. Kf1 Rac8 33. Rxc8 Rxc8 34. Bc3 {[%emt 0:00:57] Weighted Error Value: White=0.42/Black=0.12 (very precise)} 0-1

[Event "Romanian Superleague 2022"]
[Site "Oradea"]
[Date "2022.09.27"]
[Round "7.23"]
[White "Antonica, Dragos-Andrei"]
[Black "Levay, Sorin"]
[Result "1/2-1/2"]
[ECO "A06"]
[WhiteElo "2321"]
[BlackElo "2138"]
[Annotator "TA"]
[PlyCount "187"]
[EventDate "2022.09.21"]
[EventType "team-tourn"]
[EventCountry "ROU"]
[SourceTitle "playchess.com"]
[Source "ChessBase"]
[SourceQuality "1"]
[TimeControl "40/5400+30:1800+30"]

1. b3 d5 2. Bb2 Bg4 3. Nf3 Bxf3 4. exf3 c6 5. g3 e6 6. Bg2 {[%emt 0:00:47] A06: Réti Opening: 1 Nf3 d5.} Nf6 7. f4 g6 8. O-O {[%emt 0:05:06] White is slightly better.} Bg7 9. d3 O-O 10. Nd2 {[%emt 0:00:43] [#]} Nfd7 $146 ({Predecessor:} 10... Nbd7 11. Re1 a5 12. a4 Ne8 13. Bxg7 Nxg7 14. h4 Qb6 15. Nf3 Rac8 16. Bh3 Rfd8 {0-1 (64) Narayanan,S (2565)-Bartholomew,J (2439) Chess.com INT 2018}) 11. Bxg7 Kxg7 12. h4 h5 13. Nf3 Na6 14. c4 Nc7 15. Re1 Qe7 16. Ng5 Qf6 17. Qd2 a5 18. Rac1 Rfe8 19. Re2 Nf8 20. Rce1 Red8 21. Qe3 Na6 22. Qb6 $1 Nb4 23. Qxb7 Nxd3 (23... Rdb8 $142 24. Qc7 Rc8) 24. Rf1 (24. Rxe6 $1 $16 Rab8 25. Qa7 (25. Rxf6 Rxb7 26. Rd1 Kxf6 $17)) 24... Nb4 (24... Rdc8 $1 $11 25. cxd5 Nc5 26. Qxf7+ Qxf7 27. Nxf7 Kxf7 28. dxc6 Na6) 25. a3 $14 Rdb8 $1 26. Qc7 {[%emt 0:00:43] White has more active pieces.} Rc8 $1 27. Qd6 (27. Qb6 $5 Nd7 28. Qe3 $11) 27... Rd8 (27... Na6 $1 $11) 28. Qc5 $1 $16 Nd7 29. Qe3 Na6 30. Qd2 (30. cxd5 $16 cxd5 31. Rc2) 30... Nac5 $11 31. b4 axb4 32. axb4 Nb3 33. Qd3 Nd4 34. Rd2 Nf5 35. b5 Nb6 $1 36. cxd5 cxd5 37. Re2 (37. Rc2 $15) 37... Rac8 (37... Nc4 $17 {And now ...Nd4 would win.} 38. Rb1 Qd4) 38. Bh3 Rc3 39. Qd1 Nd4 40. Rd2 ({White should try} 40. Re5 $11 Rc4 41. Rfe1) 40... Rc4 (40... Nxb5 $15 41. Ne4 dxe4 42. Rxd8 Nd5) 41. Re1 Rdc8 (41... Nxb5 $2 42. Nxe6+ $1 fxe6 43. Rxe6 $18) 42. Qb1 {[%emt 0:04:56] Against Rc1} (42. Ra2 $5 ) 42... R8c5 43. Bf1 Rc3 44. Kg2 (44. Ra2 $14) 44... Nc2 $1 {[%emt 0:02:19] Pair of Knights!} 45. Ree2 Na3 46. Qe1 Rc1 (46... Nxb5 $2 47. Nxe6+ $1 Kh7 48. Nxc5 Rxc5 49. Re7 $18) 47. Rd1 Rxd1 48. Qxd1 Nxb5 49. Rc2 Nc3 50. Qa1 Nba4 (50... Nca4 $5 51. Qb1 Nd7 $17) 51. Nf3 Qf5 52. Rd2 (52. Ra2 $11 Qe4 53. Bd3) 52... Qb1 $1 $15 53. Qa3 Qb8 (53... Qb6 $17) 54. Rd4 $11 Ra5 55. Ne5 (55. Ng5 $11 {keeps the balance.}) 55... Qf8 56. Qb3 Ra7 $36 {[%emt 0:01:20][%mdl 2048] Black fights for an advantage.} 57. Bd3 (57. Rb4 $15) 57... Qc5 $1 $17 58. Rb4 {[%emt 0:01:04] [#]} (58. Nf3 $17) 58... Nd1 $1 $19 59. Qxd1 (59. Rxa4 $2 Qxf2+ 60. Kh1 Qe1+ 61. Kh2 Qf2+ 62. Kh1 Ne3 $19) 59... Qxb4 60. Nc6 Qc5 (60... Nb2 $1 $19 61. Qf1 Qd2 62. Nxa7 Nxd3) 61. Qa1+ d4 $1 62. Nxa7 Qxa7 $17 {[%emt 0:00:24][%mdl 4096] Endgame KQB-KQN} 63. Kg1 {[%emt 0:00:36] Black must now prevent Bc2.} Qd7 64. Qa3 Nc3 65. Qb4 Qa4 66. Qd6 Qd1+ 67. Bf1 Nd5 68. Qe5+ Nf6 {[%emt 0:01:25] ...d3 is the strong threat.} 69. Qb5 {[%emt 0:01:08] Inhibits d3.} Ng4 70. Kg2 Qe1 71. Qb2 (71. Qe2 $17 Qb1 72. Kg1) 71... Qe4+ $1 $19 72. Kg1 e5 $1 73. fxe5 Qxe5 (73... Nxe5 $19 {has better winning chances. Hoping for ...Nf3+.} 74. Ba6 Nf3+ 75. Kf1 Qe6) 74. Qd2 Qc5 75. Qf4 Ne5 {[%emt 0:00:20] aiming for ...d3.} 76. Qe4 {[%emt 0:00:28] Inhibits d3.} Qd6 {[%emt 0:00:54] Threatens to win with ...d3.} 77. Bd3 f5 78. Qb7+ Kf6 79. Qb5 Qc6 (79... Nxd3 $17 80. Qxd3 f4) 80. Qb4 Nf3+ ({Much weaker is} 80... Nxd3 $6 81. Qxd4+ Ne5 82. f4 $17) 81. Kf1 Qc1+ 82. Kg2 Qc6 $2 (82... Ne1+ $11 {and Black has nothing to worry.} 83. Kh2 Nf3+ 84. Kg2 Qg1+ 85. Kxf3 Qd1+ 86. Kg2 Qxd3) 83. Qf8+ $18 Ke6 {[%emt 0:00:11] [#]} 84. Bc4+ $1 Kd7 85. Qf7+ {[%emt 0:00:20][%mdl 1024] White has strong compensation.} Kd8 {[%emt 0:00:55] Strongly threatening ...Nxh4+.} 86. Bd5 (86. Qg8+ $18 {and the rest is easy.} Kc7 87. Bd5 Ne1+ 88. Kf1) 86... Ne5 $16 87. Qf8+ Qe8 88. Qd6+ Nd7 {[%emt 0:01:01] [#]} 89. Bc6 $1 Qe7 (89... Kc8 $142 90. Kh2 (90. Qxd4 Qe6 $16) 90... Qf7) 90. Qxd4 Kc7 91. Bxd7 Qxd7 {[%emt 0:00:08] [#]} 92. Qa7+ $1 Kd6 93. Qb8+ ({White should play} 93. Qa6+ $16 Kc5 94. Kf3 (94. Qxg6 Qd5+ 95. f3 Qd2+ 96. Kh3 Qd3 $11)) 93... Ke6 $11 94. Qg8+ {[%emt 0:00:16] Weighted Error Value: White=0.24 (precise) /Black=0.18 (very precise)} 1/2-1/2

[Event "Romanian Superleague 2022"]
[Site "Oradea"]
[Date "2022.09.27"]
[Round "7.24"]
[White "Gulie, Cosmin"]
[Black "Vilcu, Matei-Stefan"]
[Result "0-1"]
[ECO "B50"]
[WhiteElo "1973"]
[BlackElo "2221"]
[Annotator "TA"]
[PlyCount "90"]
[EventDate "2022.09.21"]
[EventType "team-tourn"]
[EventCountry "ROU"]
[SourceTitle "playchess.com"]
[Source "ChessBase"]
[SourceQuality "1"]
[TimeControl "40/5400+30:1800+30"]

1. e4 c5 2. Nf3 d6 3. c3 Nf6 4. Be2 g6 5. O-O Bg7 6. Re1 O-O 7. d3 {[%emt 0:00:31] B50: Sicilian: 2...d6, Miscellaneous.} Nc6 8. h3 e5 9. Be3 {[%emt 0:00:29] [#] The position is equal.} Qe7 $146 ({Predecessor:} 9... b6 10. Nbd2 d5 11. Bg5 h6 12. exd5 Qxd5 13. Bxf6 Bxf6 14. Nh2 Bg7 15. Bf3 Qd7 {0-1 (46) Faber,K (2099)-Paluch,A (2098) ICCF email 2018}) 10. c4 Nd4 11. Nxd4 cxd4 12. Bg5 h6 13. Bh4 Be6 14. Nd2 Qd7 15. Bxf6 Bxf6 16. Bg4 Bg7 17. Bxe6 Qxe6 18. Qb3 Qe7 19. Rac1 Rac8 20. Rc2 Kh8 21. Qa3 b6 22. b4 h5 23. Qc1 Bh6 24. Qd1 Qd7 25. b5 a6 26. a4 Ra8 27. Rb2 Rfc8 28. Nf3 a5 29. Qe2 Rg8 30. Nh2 Raf8 31. Rbb1 Qe8 32. Kh1 f5 33. f3 (33. exf5 $11 {remains equal.} gxf5 34. Nf3) 33... Qe7 (33... Be3 $17 34. Nf1 f4) 34. exf5 Rxf5 ({Black should try} 34... gxf5 $17 35. f4 Bxf4 36. Qxh5+ Kg7) 35. Qe4 $11 Qd8 36. Qd5 Bf4 37. Re2 Rf6 38. Qc6 g5 {[%emt 0:00:43][%cal Og5g4] ...g4! is the strong threat.} 39. Re4 (39. Nf1 $11) 39... Qf8 $17 40. Re2 $2 {[%emt 0:00:00] This costs White the game.} (40. Qd7 $17) 40... g4 $19 {[%emt 0:00:00] [#] White must now prevent ...Bxh2.} 41. fxg4 hxg4 42. g3 $2 (42. Rg1 gxh3 43. g4) 42... Bxg3 {[%emt 0:01:26] Black is clearly winning.} 43. Rg1 gxh3 {[%emt 0:04:58] And now ...Bf2 would win.} 44. Qd7 Rh6 45. Rf1 Qg7 {[%emt 0:03:28] Weighted Error Value: White=0.47/Black=0.23 (precise)} 0-1

[Event "Romanian Superleague 2022"]
[Site "Oradea"]
[Date "2022.09.27"]
[Round "7.25"]
[White "Nguyen, Thai Dai Van"]
[Black "Marin, Mihail"]
[Result "1-0"]
[ECO "A41"]
[WhiteElo "2627"]
[BlackElo "2457"]
[Annotator "TA"]
[PlyCount "67"]
[EventDate "2022.09.21"]
[EventType "team-tourn"]
[EventCountry "ROU"]
[SourceTitle "playchess.com"]
[Source "ChessBase"]
[SourceQuality "1"]
[TimeControl "40/5400+30:1800+30"]

1. d4 g6 2. c4 Bg7 3. Nf3 d6 4. Nc3 e5 5. dxe5 dxe5 6. Qxd8+ Kxd8 7. g3 {[%emt 0:01:19] A41: 1 d4 d6: Tartakower System and Modern Defence.} f6 8. Bg2 c6 9. O-O {[%emt 0:01:49] White is slightly better.} Be6 10. b4 Nh6 11. b5 Nf7 12. Rd1+ Nd7 13. Nd2 {[%emt 0:15:03] White has more active pieces.} Kc7 {[%emt 0:03:40] [#]} 14. Nb3 $146 {[%emt 0:01:31] [#] aiming for Na5.} ({Predecessor:} 14. Ba3 Bf8 15. Bxf8 Rhxf8 16. Nb3 a5 17. Na4 Rad8 18. Rdc1 f5 19. Bd5 Rfe8 20. Rab1 {1-0 (38) Cossmann,R-Thau,O DESC email 2014}) 14... Rad8 (14... Bxc4 $2 15. bxc6 bxc6 16. Na5 $18) (14... a5 $16 {was worth a try.}) 15. bxc6 $18 bxc6 16. Na5 Nb6 (16... Nb8 {was called for.} 17. Be3 Rxd1+ 18. Rxd1 f5) 17. Bd2 (17. Nxc6 Rxd1+ 18. Nxd1 Nxc4 $14) 17... Nxc4 18. Nxc4 Bxc4 19. Na4 Bxe2 $2 (19... e4) 20. Ba5+ Kc8 21. Rdc1 Bb5 22. Bxc6 Bxc6 23. Rxc6+ Kd7 24. Rc7+ ({Not} 24. Rac1 Bh6 $16) 24... Ke8 25. Rxa7 Rb8 26. Rd1 {[%emt 0:03:54] [#] Hoping for Rdd7. White is clearly winning.} Bf8 27. Bc7 {[%emt 0:00:24] Prevents Bd6.} Rb4 28. Bb6 {[%emt 0:06:51] Prevents Rd4.} Bd6 (28... Rc4 $142 29. Rd5 Nd6) 29. Rc1 {[%emt 0:00:07] White threatens Rc8+ and mate.} Kf8 30. a3 Re4 (30... Rxa4 $142 31. Rxa4 Ke7 32. Ra7+ Ke6) 31. Nc5 Bxc5 32. Rxc5 {[%emt 0:00:04] Strongly threatening Rcc7.} Re1+ 33. Kg2 Rb1 34. Ba5 {[%emt 0:01:10] White took control after the opening.  Weighted Error Value: White=0.26 (precise) /Black=0.62} (34. Rcc7 $142 Rxb6 35. Rxf7+ Ke8 36. Rfb7 Rxb7 37. Rxb7) 1-0

[Event "Romanian Superleague 2022"]
[Site "Oradea"]
[Date "2022.09.27"]
[Round "7.26"]
[White "Miron, Lucian-Costin"]
[Black "Nisipeanu, Liviu-Dieter"]
[Result "1/2-1/2"]
[ECO "B33"]
[WhiteElo "2498"]
[BlackElo "2633"]
[Annotator "TA"]
[PlyCount "91"]
[EventDate "2022.09.21"]
[EventType "team-tourn"]
[EventCountry "ROU"]
[SourceTitle "playchess.com"]
[Source "ChessBase"]
[SourceQuality "1"]
[TimeControl "40/5400+30:1800+30"]

1. e4 c5 2. Nf3 Nc6 3. d4 cxd4 4. Nxd4 Nf6 5. Nc3 e5 6. Ndb5 d6 7. Bg5 a6 8. Na3 b5 9. Nd5 Be7 10. Bxf6 Bxf6 11. c3 Bg5 12. Nc2 Rb8 13. a4 bxa4 {[%emt 0:00:05] B33: Sicilian: Pelikan and Sveshnikov Variations.} 14. Ncb4 Nxb4 15. cxb4 O-O 16. h4 Bh6 17. Rxa4 a5 18. b5 (18. Rxa5 Rxb4 $3 19. Ra8 Rxe4+ 20. Be2 Rd4 $17) (18. bxa5 Rxb2 19. Bd3 Bd7 $17) 18... Bd7 19. Nc3 d5 20. exd5 f5 21. g3 Kh8 22. Be2 {[%emt 0:07:32] [#]} f4 $146 ({Predecessor:} 22... Qb6 23. O-O Rbd8 24. Kg2 Bc8 25. f4 Rfe8 26. fxe5 Rxe5 27. Qd4 Qf6 28. Rc4 Bd7 {½-½ (41) Anand,V (2804)-Grischuk,A (2781) Stavanger 2015}) 23. g4 {[%emt 0:06:43] Threatens to win with g5.} f3 $1 24. Bxf3 Bc1 25. Qxc1 Rxf3 26. Re4 Qb6 27. Qd2 Rbf8 28. Rh2 (28. Rxe5 Bxb5 29. Re3 (29. Nxb5 Qxb5 30. Re4 Ra3 $15) 29... Rxf2 30. Qxf2 Rxf2 31. Kxf2 Bd7 $15) (28. h5 $11) 28... Bxb5 $17 29. Re3 {[%emt 0:04:19] Inhibits Rd3.} R3f4 30. Rxe5 (30. Re4 $17 {was worth a try.}) 30... Bd7 $2 (30... Qd6 $1 $19 31. Qe3 Qb4) 31. Rg2 $1 $11 Qf6 {[%emt 0:03:12] Against Re7} 32. Qe3 (32. Re4 $2 Rxe4+ 33. Nxe4 Qf3 $19) 32... Qxh4 33. Rh5 (33. Ne2 $1 $11 R4f7 34. Rh5) 33... Qf6 $17 34. Rgh2 (34. Re5 $17) 34... h6 $19 35. g5 $2 (35. Re5 {was the only defense.} Bxg4 36. Re7) 35... Qg6 $2 (35... Qf5 $1 $19 {White must now prevent ...Re8.} 36. gxh6 g5) 36. Kd2 $36 {[%emt 0:01:07][%cal Rg5h6][%mdl 2048] White has good play. The position is equal.} ({Much worse is} 36. gxh6 Re8 37. Re5 (37. hxg7+ $2 Kxg7 38. Re5 Qg1+ 39. Kd2 Qxh2 $19) 37... Qg1+ 38. Kd2 Qxh2 $15) (36. Rxh6+ $2 gxh6 37. Rxh6+ Qxh6 $3 38. gxh6 Re8 $19) 36... Rxf2+ 37. Rxf2 {[%emt 0:00:27] Chess con chili.} Rxf2+ 38. Qxf2 Qxh5 39. gxh6 Qxh6+ {[%emt 0:00:18][%mdl 4096] Endgame KQB-KQN} 40. Kd3 Qa6+ 41. Ke4 {[%emt 0:06:22] Hoping for Qh4+.} Kg8 42. Ke5 a4 43. Ne4 a3 44. bxa3 Qxa3 45. Nc5 Bg4 46. Ne4 {[%emt 0:03:31] Weighted Error Value: White=0.21 (precise) /Black=0.27 (precise)} 1/2-1/2

[Event "Romanian Superleague 2022"]
[Site "Oradea"]
[Date "2022.09.27"]
[Round "7.27"]
[White "Mendonca, Leon Luke"]
[Black "Secheres, Adrian-Simion"]
[Result "1-0"]
[ECO "E94"]
[WhiteElo "2558"]
[BlackElo "2375"]
[Annotator "TA"]
[PlyCount "91"]
[EventDate "2022.09.21"]
[EventType "team-tourn"]
[EventCountry "ROU"]
[SourceTitle "playchess.com"]
[Source "ChessBase"]
[SourceQuality "1"]
[TimeControl "40/5400+30:1800+30"]

1. d4 Nf6 2. c4 g6 3. Nc3 Bg7 4. e4 d6 5. Nf3 O-O 6. Be2 e5 7. O-O exd4 8. Nxd4 Re8 9. f3 c6 10. Nc2 Na6 11. Kh1 Qe7 {[%emt 0:10:25] [#] E94: King's Indian: Classical: 6 Be2 e5 7 0-0: Various Black 7th moves.} 12. Bf4 $146 ({Predecessor:} 12. Bg5 Nc5 13. Qd2 a5 14. Rfd1 Rd8 15. Qe3 Ne6 16. Bh4 Re8 17. Na4 Nc5 18. Nb6 Ra6 19. Bg3 Rxb6 20. Bxd6 {½-½ (69) Engelmann,J (2285)-Kuchynka,L (2283) Germany 2019}) 12... Rd8 {[%emt 0:02:30] Black is now going downhill.} 13. Qd2 Be6 {[%emt 0:05:14] White is better.} 14. Bg5 Qf8 15. Rad1 h6 16. Be3 Nc7 17. Nd4 Re8 (17... Bc8 $142) 18. Nb3 {[%emt 0:21:19] Black must now prevent Bf4. White is more active.} Rad8 (18... Red8 $16 {keeps fighting.} 19. Na5 Bc8) 19. Bxa7 $18 Na6 20. Bb6 Rd7 21. Be3 Nc5 22. Nd4 Rdd8 23. b4 Ncd7 24. b5 c5 25. Nxe6 Rxe6 26. a4 Ra8 27. Ra1 b6 28. Ra3 Ra5 29. Rd1 Kh7 30. Bf4 Ne5 31. g4 Qa8 32. Bg3 Ra7 33. h3 g5 34. h4 gxh4 35. Bxh4 Ng6 36. Bg3 Ne8 $2 {[%emt 0:00:39] [#]} (36... Kg8 {was worth a try.} 37. Nd5 (37. Bxd6 $2 Rd7 $19) 37... Nxd5) 37. Nd5 Qd8 38. Kg2 Nf6 39. Ne3 Ne7 (39... Qa8 $142 40. a5 (40. Bxd6 Nxe4 41. fxe4 Qxe4+ 42. Kh3 Rxd6 $11) 40... Kg8) 40. e5 {[%emt 0:00:00] White is clearly winning.} Nd7 41. exd6 Ng6 42. Nf5 Qf6 43. f4 Qb2 44. Ra2 Qb3 45. Bd3 Nf6 46. Rb1 {[%emt 0:02:05] Weighted Error Value: White=0.04 (flawless) /Black=0.30} 1-0

[Event "Romanian Superleague 2022"]
[Site "Oradea"]
[Date "2022.09.27"]
[Round "7.28"]
[White "Filip, Andrei"]
[Black "Ghimpu, Samuel-Timotei"]
[Result "1/2-1/2"]
[ECO "B40"]
[WhiteElo "2356"]
[BlackElo "2434"]
[Annotator "TA"]
[PlyCount "71"]
[EventDate "2022.09.21"]
[EventType "team-tourn"]
[EventCountry "ROU"]
[SourceTitle "playchess.com"]
[Source "ChessBase"]
[SourceQuality "1"]
[TimeControl "40/5400+30:1800+30"]

1. e4 c5 2. Nf3 e6 3. g3 Nc6 4. Bg2 Nf6 5. Qe2 e5 6. O-O {[%emt 0:00:05] B40: Sicilian: 2...e6, Unusual lines.} Be7 7. c3 O-O 8. Na3 $1 {[%emt 0:02:43][%cal Od2d4] 8.Na3 is better than 8.Rd1.} Re8 9. d3 h6 10. Nc4 Bf8 11. Ne3 d5 12. exd5 Nxd5 13. Nxd5 Qxd5 14. Rd1 Qd8 {[%emt 0:08:03] [#]} 15. Nd2 $146 ({Predecessor:} 15. Be3 Nd4 16. Bxd4 exd4 17. Qc2 dxc3 18. Qxc3 Be6 19. d4 Qb6 20. d5 Bg4 21. Re1 Bxf3 22. Bxf3 {½-½ (37) Erdos,V (2615)-Indjic,A (2612) Terme Catez 2021}) 15... Bf5 16. Nc4 Qd7 17. Be4 Rad8 {[%emt 0:06:11] White should prevent ...Bxe4.} 18. Be3 Bg4 19. Bf3 (19. f3 $11 Be6 20. a4) 19... Bxf3 $17 20. Qxf3 Qe6 21. a4 f5 22. b3 Rd7 23. Qe2 b6 24. Re1 g5 25. Rad1 Bg7 26. Bc1 Qg6 (26... Red8 $15) 27. Qf3 (27. Bb2 $11 {remains equal.}) 27... Red8 28. h3 g4 (28... a6 $142 {Hoping for ...b5.} 29. Nb2 (29. Nxb6 $2 e4 $19) 29... Qe6) 29. Qe2 gxh3 30. Kh2 h5 31. Qf3 Rd5 32. Bb2 (32. Qh1 $17) 32... Qg4 33. Qh1 {[%emt 0:00:24] [#] Threatens to win with Ne3.} Qg6 34. Qf3 Qg4 35. Qh1 {[%emt 0:00:09] aiming for Ne3.} Qg6 36. Qf3 {[%emt 0:04:26] Weighted Error Value: White=0.20 (precise) /Black=0.28 (precise)} 1/2-1/2